 Dungeon Crawl Stone Soup version 0.25.0-8-gfd19cd77bd (webtiles) character file.

Game seed: 15830079330933989740

121838 Infinimo the Bludgeoner (level 16, -1/136 HPs)
             Began as a Demonspawn Berserker on June 16, 2020.
             Was the Champion of Trog.
             Slain by an orc knight
             ... wielding a +3 great sword
              (23 damage)
             ... on level 1 of the Orcish Mines.
             The game lasted 01:00:54 (35077 turns).

Infinimo the Bludgeoner (Demonspawn Berserker)     Turns: 35077, Time: 01:00:55

Health: -1/136     AC: 34    Str: 23    XL:     16   Next: 33%
Magic:  5/5        EV:  7    Int:  8    God:    Trog [******]
Gold:   1904       SH: 12    Dex: 15    Spells: 15/15 levels left

rFire    + + .     SeeInvis +   s - +1 demon whip (antimagic)
rCold    + . .     Gourm    .   d - +0 buckler
rNeg     + . .     Faith    .   H - +10 plate armour of Shielding {rC+ rN+}
rPois    .         Spirit   .   E - +2 hat {SInv}
rElec    .         Reflect  +   (no cloak)
rCorr    .         Harm     .   (no gloves)
MR       +....                  (no boots)
Stlth    ..........             p - amulet of reflection
HPRegen  0.32/turn              C - ring of protection from fire
MPRegen  0.09/turn              D - ring of protection from fire

@: about to teleport, sanguine armour, studying Unarmed Combat
A: hooves 2, foul stench 1, spiny 1, rot immunity, sanguine armour 3
a: Berserk, Trog's Hand, Brothers in Arms, Renounce Religion


You were on level 1 of the Orcish Mines.
You worshipped Trog.
Trog was exalted by your worship.
You were very hungry.

You visited 3 branches of the dungeon, and saw 23 of its levels.
You also visited: Gauntlet, Ice Cave and Volcano.

You collected 2189 gold pieces.
You spent 285 gold pieces at shops.

Inventory:

Hand Weapons
 s - a +1 antimagic demon whip (weapon)
 v - a +3 antimagic eveningstar
Armour
 d - a +0 buckler (worn)
 E - a +2 hat of see invisible (worn)
 H - the +10 plate armour of Shielding (worn) {rC+ rN+}
   (You found it on level 14 of the Dungeon)

   It protects you from cold.
   It protects you from negative energy.
Jewellery
 a - an uncursed ring of resist corrosion
 p - an amulet of reflection (around neck)
 C - a ring of protection from fire (left hand)
 D - a ring of protection from fire (right hand)
 I - an uncursed ring of protection from cold
 O - an uncursed ring of positive energy
 R - an uncursed ring of see invisible
 S - an uncursed ring of protection from cold
 T - an uncursed ring of ice
Wands
 h - a wand of enslavement (9)
 q - a wand of random effects (62)
 u - a wand of paralysis (15)
 x - a wand of flame (55)
 z - a wand of polymorph (24)
 K - a wand of disintegration (16)
 L - a wand of digging (10)
 M - a wand of clouds (2)
 U - a wand of acid (10)
Scrolls
 b - 5 scrolls of enchant weapon
 i - 18 scrolls of remove curse
 j - 2 scrolls of magic mapping
 m - 8 scrolls of identify
 n - 5 scrolls of teleportation
 y - 5 scrolls of blinking
 F - 8 scrolls of enchant armour
 G - 10 scrolls of fog
 N - a scroll of fear
 P - 3 scrolls of brand weapon
Potions
 e - 2 potions of berserk rage
 f - 4 potions of heal wounds
 g - 10 potions of curing
 k - 5 potions of stabbing
 l - 6 potions of lignification
 o - 2 potions of mutation
 r - 2 potions of ambrosia
 t - 3 potions of magic
 w - 5 potions of haste
 B - 5 potions of resistance
 J - 2 potions of might
Books
 A - a manual of Unarmed Combat
Comestibles
 c - 38 rations


   Skills:
 + Level 15.2 Fighting
 * Level 18.8 Maces & Flails
 - Level 1.7 Armour
 - Level 1.7 Dodging
 + Level 12.5 Shields


You had 15 spell levels left.
You didn't know any spells.
Your spell library contained the following spells:

 Spells                   Type           Power        Failure   Level  Hunger
 Cause Fear               Hex            #.........   100%        4    #####..
 Silence                  Hex/Air        #.........   100%        5    ######.
 Yara's Violent Unravell  Hex/Tmut       #.........   100%        5    ######.
 Malign Gateway           Summ/Tloc      #.........   100%        7    #######
 Monstrous Menagerie      Summ           #.........   100%        7    #######
 Summon Greater Demon     Summ           #.........   100%        7    #######
 Discord                  Hex            #.........   100%        8    #######
 Summon Horrible Things   Summ           #.........   100%        8    #######


Dungeon Overview and Level Annotations

Branches:
Dungeon (15/15)            Temple (0/1) D:5            Lair (6/6) D:10
  Swamp (0/4) Lair:2       Spider (0/4) Lair:3        Slime (0/5) Lair:6
    Orc (2/2) D:10            Elf (0/3) Orc:2        Vaults (0/5) D:14
 Depths (0/5) D:15          IceCv (visited)         Volcano (visited)
Gauntlet (visited)

Altars:
Ashenzari
Gozag
Hepliaklqana
Makhleb
Nemelex Xobeh
Okawaru
Qazlal
Sif Muna
Trog
Xom
The Shining One
Beogh

Shops:
D:6 *[%   Orc:1 *

Portals:
Hell: Lair:6

Annotations:
D:12 exclusion: ice statue


Innate Abilities, Weirdness & Mutations

You have hoof-like feet.
You may emit foul miasma when damaged in melee.
You are partially covered in sharp spines.
You are immune to rotting.
When seriously injured, your bleeding wounds create very thick armour. (AC +12)


Message History

There is a stone staircase leading down, spattered with blood here.
Blink to where?
Press: ? - help, Dir - move target cursor You are very lightly contaminated with residual magic.
As you read the scroll of blinking, it crumbles to dust.
The orc warlord no longer looks unusually strong.
The orc warlord roars a battlecry!
You see here a +0 giant club.
Your magical contamination has completely faded away.
The orc warlord roars a battlecry!
You see here a cursed -1 club.
Things that are here:
a +0 robe; a +0 dagger The orc knight roars a battlecry!
The orc warlord goes into a battle-frenzy!
There is a stone staircase leading down here.
As you read the scroll of teleportation, it crumbles to dust.
You feel strangely unstable.
The orc knight hits you with a +3 great sword!!
You die...

.# ##.........# ##
#...^.....### #
##..........## #
#######...>#......#
####....##...##......#
+.##....##..###o.....##
#...[...##[[####......#
).##....##..)..o.....##
####....##......@....# #
########......#..##
####### #.....##.##
......# #......### ..o..##
###........#
.#....###.##.......#
...#.#.#...........##
.......o#...........#####
.......#........#.......##


You could see an orc warlord (strong) and an orc knight (strong).

Vanquished Creatures
  Gastronok (D:11)
  Frances (D:14)
  Agnes (D:14)
  A frost giant (IceCv)
  A minotaur (Gauntlet)
  2 ettins
  Snorg (D:11)
  An ogre mage (Volcano)
  Josephine (D:13)
  Erolcha (Orc:1)
  3 vault guards (D:14)
  The ghost of Shaidar the Blocker, a journeyman GnFi of Makhleb (D:9)
  Fannar (D:11)
  6 hydras
  The ghost of Veogap the Basher, a novice TrBe of Trog (D:9)
  8 two-headed ogres
  A catoblepas (D:15)
  The ghost of Elvor the Cleaver, a novice DDFi of the Shining One (D:9)
  6 centaur warriors
  Erica (Lair:1)
  A death knight (D:13)
  A tengu warrior (D:15)
  12 death yaks
  A deep elf knight (D:15)
  2 large abominations (Gauntlet)
  7 skeletal warriors
  A hell knight (Volcano)
  A deep troll (D:15)
  A sixfirhy (Lair:6)
  The ghost of Haveh the Thaumaturge, a novice GrEE of Elyvilon (D:9)
  2 unseen horrors (D:15)
  A wizard (Lair:6)
  2 orc knights
  4 ugly things
  3 oklob plants (D:11)
  2 cyclopes
  3 manticores
  3 deep elf magi
  A worldbinder (Gauntlet)
  An eye of devastation (Gauntlet)
  4 gargoyles
  An ice statue (IceCv)
  3 torpor snails
  Psyche (D:11)
  3 orange demons (Lair:6)
  A molten gargoyle (Volcano)
  4 black mambas
  Maggie (D:6)
  9 spiny frogs
  6 rime drakes
  An efreet (D:15)
  A freezing wraith (D:15)
  A kobold demonologist (D:15)
  10 komodo dragons
  A hellwing (Lair:6)
  4 ice devils
  A red devil (Lair:6)
  5 trolls
  A troll (shapeshifter) (D:13)
  3 meliai (D:12)
  16 polar bears
  A wolf spider simulacrum (D:15)
  12 blink frogs
  Grinder (D:5)
  2 hornets
  22 slime creatures
  10 hippogriffs
  8 dream sheep
  A water elemental (D:14)
  4 redbacks (Lair:3)
  4 wyverns
  4 wraiths (D:13)
  5 shadows
  2 fire bats (Volcano)
  73 yaks
  8 humans (D:14)
  3 basilisks
  2 hungry ghosts
  4 vampire mosquitoes
  Edmund (D:6)
  A warg (Orc:1)
  12 water moccasins
  4 hell hounds (Lair:6)
  An acid dragon (D:13)
  3 floating eyes
  11 porcupines
  2 ice beasts
  4 sky beasts
  18 orc warriors
  Purgy (D:2)
  A black bear (D:9)
  2 boggarts (Gauntlet)
  3 eyes of draining
  6 phantoms
  15 crocodiles
  22 wolves
  19 ogres
  5 centaurs
  8 big kobolds
  16 bullfrogs
  A wyvern zombie (D:9)
  6 scorpions
  4 killer bees (D:11)
  11 wights
  6 electric eels
  7 howler monkeys
  8 crimson imps
  4 centaur zombies
  8 lava snakes (Volcano)
  2 bullfrog zombies
  5 bullfrog skeletons
  25 orc priests
  9 hounds
  6 jellies
  23 orc wizards
  8 centaur skeletons
  A gnoll shaman (D:8)
  Ijyb (D:5)
  2 iguanas (D:7)
  Natasha (thrice) (D:4)
  14 worker ants
  6 hell rats (Lair:6)
  4 small abominations (Gauntlet)
  A hound zombie (D:8)
  A worker ant zombie (D:7)
  Robin (D:4)
  A howler monkey skeleton (D:7)
  12 gnolls
  14 adders
  2 shadow imps
  An ooze (D:4)
  An adder zombie (D:7)
  3 adder skeletons
  A worm (D:2)
  2 dart slugs (D:1)
  6 leopard geckos
  122 orcs
  7 bats
  4 giant cockroaches
  17 goblins
  17 hobgoblins
  17 jackals
  7 quokkas
  2 ball pythons
  3 frilled lizards
  26 kobolds
  9 rats
929 creatures vanquished.

Vanquished Creatures (others)
  A vault guard (D:14)
  A polar bear (IceCv)
  A yak (IceCv)
  A wolf (IceCv)
  A wight (D:13)
  A jelly (Lair:6)
  A bush (Lair:5)
  3 fungi
  9 plants
19 creatures vanquished.

Grand Total: 948 creatures vanquished

Notes
Turn   | Place    | Note
-------+----------+-------------------------------------------
     0 | D:1      | Infinimo the Demonspawn Berserker began the quest for the
                  | Orb.
     0 | D:1      | Reached XP level 1. HP: 18/18 MP: 1/1
   261 | D:1      | You fall into a shaft and drop 1 floor!
   346 | D:1      | Reached skill level 3 in Maces & Flails
   440 | D:1      | Gained mutation: You are immune to rotting. [demonic
                  | ancestry]
   440 | D:1      | Reached XP level 2. HP: 24/24 MP: 2/2
  1082 | D:1      | Reached XP level 3. HP: 26/29 MP: 3/3
  1189 | D:1      | Reached ** piety under Trog
  2286 | D:2      | Reached skill level 4 in Maces & Flails
  2286 | D:2      | Gained mutation: When seriously injured, your bleeding
                  | wounds create armour. (AC +12) [demonic ancestry]
  2286 | D:2      | Reached XP level 4. HP: 37/37 MP: 4/4
  2289 | D:2      | Found a shimmering blue altar of Sif Muna.
  2619 | D:3      | Noticed Purgy
  2633 | D:2      | HP: 1/37 [Purgy (1)]
  2700 | D:2      | Killed Purgy
  2700 | D:2      | Reached XP level 5. HP: 18/42 MP: 5/5
  3125 | D:3      | Reached skill level 5 in Maces & Flails
  3243 | D:3      | Reached XP level 6. HP: 49/49 MP: 6/6
  3348 | D:3      | Reached *** piety under Trog
  3844 | D:3      | Found a burning altar of Makhleb.
  3852 | D:3      | Found a shimmering altar of Xom.
  3961 | D:4      | Noticed Robin
  3983 | D:4      | Reached skill level 5 in Fighting
  3983 | D:4      | Reached skill level 6 in Maces & Flails
  3984 | D:4      | Killed Robin
  4032 | D:4      | Noticed Natasha
  4038 | D:4      | Killed Natasha
  4077 | D:4      | Gained mutation: You may emit foul miasma when damaged in
                  | melee. [demonic ancestry]
  4077 | D:4      | Reached XP level 7. HP: 52/56 MP: 7/7
  4101 | D:4      | Noticed Natasha
  4116 | D:4      | Killed Natasha
  4210 | D:4      | Reached **** piety under Trog
  4303 | D:4      | Noticed Natasha
  4311 | D:4      | Killed Natasha
  4729 | D:5      | Entered Level 5 of the Dungeon
  4747 | D:5      | Found an iron altar of Okawaru.
  4845 | D:5      | Reached skill level 7 in Maces & Flails
  4885 | D:5      | Found a staircase to the Ecumenical Temple.
  4950 | D:5      | Noticed Grinder
  4962 | D:5      | Killed Grinder
  4962 | D:5      | Reached XP level 8. HP: 55/64 MP: 8/8
  5098 | D:5      | Found a glowing golden altar of the Shining One.
  5168 | D:5      | Noticed Ijyb
  5184 | D:5      | Killed Ijyb
  5276 | D:5      | Reached skill level 8 in Maces & Flails
  5752 | D:6      | Found Jaq Hip's Antique Armour Boutique.
  5752 | D:6      | Noticed Maggie
  6054 | D:6      | Found Illeulif's Food Shoppe.
  6092 | D:6      | Reached ***** piety under Trog
  6214 | D:6      | Reached skill level 9 in Maces & Flails
  6312 | D:6      | Killed Maggie
  6312 | D:6      | Reached XP level 9. HP: 72/72 MP: 9/9
  6351 | D:6      | Bought an ichor-stained cloak for 171 gold pieces
  6356 | D:6      | Identified the +1 cloak "Jaadghoa" {+Fly rF- SInv} (You
                  | bought it in a shop on level 6 of the Dungeon)
  6373 | D:6      | Noticed Edmund
  6392 | D:6      | Killed Edmund
  6704 | D:6      | Found Ahuck's General Store.
  6809 | D:6      | Bought a scroll of teleportation for 33 gold pieces
  6884 | D:6      | Reached skill level 10 in Maces & Flails
  7128 | D:6      | Bought a buckler for 81 gold pieces
  7461 | D:7      | Reached skill level 1 in Shields
  7878 | D:7      | Found a shattered altar of Ashenzari.
  8133 | D:7      | Received a gift from Trog
  8550 | D:8      | Gained mutation: When seriously injured, your bleeding
                  | wounds create thick armour. (AC +12) [demonic ancestry]
  8550 | D:8      | Reached XP level 10. HP: 55/82 MP: 10/10
  8664 | D:8      | Found a sparkling altar of Nemelex Xobeh.
  8822 | D:8      | Reached skill level 11 in Maces & Flails
  9801 | D:9      | Found a stormy altar of Qazlal.
  9877 | D:9      | Found a bloodstained altar of Trog.
  9889 | D:9      | Found a runed translucent gate.
  9889 | D:9      | Found a runed translucent gate.
  9889 | D:9      | Found a runed translucent gate.
  9891 | D:9      | Noticed Shaidar's ghost (journeyman GnFi)
  9891 | D:9      | Noticed Veogap's ghost (novice TrBe)
  9892 | D:9      | Noticed Haveh's ghost (novice GrEE)
  9892 | D:9      | Noticed Elvor's ghost (novice DDFi)
  9931 | D:9      | Killed Shaidar's ghost
  9945 | D:9      | Killed Veogap's ghost
 10204 | D:9      | Killed Elvor's ghost
 10204 | D:9      | Received a gift from Trog
 10204 | D:9      | Reached skill level 12 in Maces & Flails
 10564 | D:9      | Killed Haveh's ghost
 10564 | D:9      | Reached skill level 5 in Shields
 10564 | D:9      | Reached XP level 11. HP: 72/90 MP: 11/11
 10621 | D:10     | Entered Level 10 of the Dungeon
 10718 | D:10     | Found a staircase to the Orcish Mines.
 10849 | D:10     | Noticed a two-headed ogre
 10858 | D:10     | Killed a two-headed ogre
 10858 | D:10     | Reached skill level 10 in Fighting
 11041 | D:10     | Found a staircase to the Lair.
 11575 | D:11     | Noticed Snorg
 11595 | D:11     | Killed Snorg
 11603 | D:11     | Noticed Gastronok
 11666 | D:11     | Killed Gastronok
 11666 | D:11     | Reached skill level 13 in Maces & Flails
 11786 | D:11     | Noticed an oklob plant
 11786 | D:11     | Noticed an oklob plant
 11786 | D:11     | Paralysed by a floating eye for 2 turns
 11907 | D:11     | Noticed a brown ugly thing
 11936 | D:11     | Killed a brown ugly thing
 12088 | D:11     | Reached ****** piety under Trog
 12089 | D:11     | Noticed Fannar
 12109 | D:11     | Killed Fannar
 12109 | D:11     | Gained mutation: You have large cloven feet. [demonic
                  | ancestry]
 12109 | D:11     | Reached XP level 12. HP: 100/100 MP: 12/12
 12595 | D:11     | Received a gift from Trog
 13052 | D:11     | Noticed Psyche
 13059 | D:11     | Killed Psyche
 13099 | D:11     | Reached skill level 14 in Maces & Flails
 13474 | D:12     | HP: 3/100 [purple ugly thing (5)]
 13660 | D:12     | Noticed a four-headed hydra
 13667 | D:12     | Killed a four-headed hydra
 14305 | D:13     | You fall into a shaft and drop 1 floor!
 14353 | D:14     | Killed a vault guard
 14413 | D:14     | Received a gift from Trog
 14424 | D:14     | Got a masterwork mace {god gift}
 14425 | D:14     | Identified the +5 mace of Ituss {vorpal, Stlth+} (Trog
                  | gifted it to you on level 14 of the Dungeon)
 14553 | D:14     | Noticed a centaur warrior
 14569 | D:14     | Gained mutation: You are partially covered in sharp spines.
                  | [demonic ancestry]
 14569 | D:14     | Reached XP level 13. HP: 108/108 MP: 13/13
 14583 | D:14     | Noticed Frances
 14606 | D:14     | HP: 5/108 [shadow imp/nerve-wracking pain (10)]
 14830 | D:14     | Found an opulent altar of Gozag.
 14968 | D:14     | Reached skill level 15 in Maces & Flails
 15078 | D:14     | Found a gate to the Vaults.
 15527 | D:14     | Got a transparent plate armour
 15532 | D:14     | Noticed Agnes
 15606 | D:13     | Identified the +10 plate armour of Shielding {rC+ rN+} (You
                  | found it on level 14 of the Dungeon)
 16002 | D:13     | Received a gift from Trog
 16278 | D:13     | Noticed Josephine
 16306 | D:13     | Killed Josephine
 16819 | D:13     | Found a hazy altar of Hepliaklqana.
 17311 | D:14     | Killed Agnes
 17587 | D:14     | Killed Frances
 17587 | D:14     | Reached skill level 16 in Maces & Flails
 17587 | D:14     | Gained mutation: You have hoof-like feet. [demonic
                  | ancestry]
 17587 | D:14     | Reached XP level 14. HP: 118/118 MP: 4/14
 17712 | D:15     | Entered Level 15 of the Dungeon
 17850 | Lair:1   | Entered Level 1 of the Lair of Beasts
 17938 | Lair:1   | Noticed Erica
 17952 | Lair:1   | Killed Erica
 18030 | Lair:1   | Reached skill level 10 in Shields
 19192 | Lair:2   | Found a staircase to the Swamp.
 20754 | Lair:3   | Received a gift from Trog
 21182 | Lair:3   | Found a dark tunnel.
 21191 | Volcano  | Entered a volcano
 21682 | Volcano  | Found a radiant altar of Vehumet.
 22170 | Volcano  | Reached skill level 17 in Maces & Flails
 22860 | Lair:3   | Found a hole to the Spider Nest.
 23261 | Lair:3   | You fall into a shaft and drop 2 floors!
 25263 | Lair:5   | Reached XP level 15. HP: 111/125 MP: 5/15
 25274 | Lair:5   | Received a gift from Trog
 26293 | Lair:6   | Entered Level 6 of the Lair of Beasts
 26432 | Lair:6   | Found a gate leading to a gauntlet.
 26441 | Gauntlet | Entered a Gauntlet
 26441 | Gauntlet | Found a transporter.
 26641 | Gauntlet | Found a transporter.
 26647 | Gauntlet | Found a transporter.
 26647 | Gauntlet | Found a transporter.
 26648 | Gauntlet | Paralysed by a floating eye for 2 turns
 26710 | Gauntlet | Found a transporter.
 26710 | Gauntlet | Found a transporter.
 26710 | Gauntlet | Found a transporter.
 26751 | Gauntlet | Got a transparent bronze ring
 26796 | Gauntlet | Found a runed translucent gate.
 26796 | Gauntlet | Found a transporter.
 26797 | Gauntlet | Found a runed translucent gate.
 26797 | Gauntlet | Found a transporter.
 26797 | Gauntlet | Found a transporter.
 27053 | Lair:6   | Identified the ring of Dishonour {*Slow Str+6 Stlth+} (You
                  | found it in a Gauntlet)
 27269 | Lair:6   | Found a staircase to the Slime Pits.
 27929 | Lair:6   | Received a gift from Trog
 28489 | Lair:6   | Found a burning altar of Makhleb.
 28588 | Lair:6   | Found a gateway to Hell.
 28595 | Lair:6   | Identified Ebeaj's Papyrus of the Birds and the Snowflakes
 29197 | D:15     | Reached skill level 18 in Maces & Flails
 30778 | D:15     | Found a staircase to the Depths.
 31021 | D:15     | Received a gift from Trog
 31323 | D:15     | Gained mutation: When seriously injured, your bleeding
                  | wounds create very thick armour. (AC +12) [demonic
                  | ancestry]
 31323 | D:15     | Reached XP level 16. HP: 116/134 MP: 5/16
 31556 | Orc:1    | Entered Level 1 of the Orcish Mines
 31583 | Orc:1    | Found a roughly hewn altar of Beogh.
 31667 | Orc:1    | Found Kogaerr's Mass Market.
 31676 | Orc:1    | Noticed Erolcha
 31682 | Orc:1    | Killed Erolcha
 31896 | Orc:2    | Entered Level 2 of the Orcish Mines
 32030 | Orc:1    | Found a frozen archway.
 32046 | Orc:1    | Reached skill level 15 in Fighting
 32108 | IceCv    | Entered an ice cave
 32391 | IceCv    | Received a gift from Trog
 33665 | IceCv    | Identified the Compendium of the Playwright
 34787 | Orc:2    | Found a staircase to the Elven Halls.
 35010 | Orc:1    | HP: 1/136 [orc warlord/+0 broad axe (25)]
 35077 | Orc:1    | Slain by an orc knight

Illustrated notes

Levels and vault maps discovered:
D:1:      dpeg_arrival_shelter, layout_loops_ring, skrybe_limestone_x,
          minmay_tetromino_o4
D:2:      layout_basic, overflow_temple_1_default
D:3:      layout_basic, grunt_temple_overflow_champion_of_chaos, st_stairs_11,
          uniq_purgy
D:4:      layout_rooms, uniq_natasha, uniq_robin
D:5:      layout_basic, marbit_many_paths, nicolae_overflow_crystal_walls,
          minmay_temple_entry_overgrown, first_ration, serial_bayou_pond_c,
          uniq_grinder, uniq_ijyb
D:6:      layout_basic, nicolae_overflow_hidden_temple, serial_shops, shop,
          kennysheep_mini, shop, uniq_maggie, uniq_edmund
D:7:      minmay_razor_zed, layout_loops_ring, ashenzari_altar_1
D:8:      layout_gridville, nemelex_xobeh_ov_fountains_minmay,
          blue_anna_alchemist [blue_anna_fruit_fields, blue_anna_fruit_fields]
D:9:      layout_roguey, gammafunk_ghost_cemetery, basic_altar,
          grunt_qazlal_sundering
D:10:     layout_irregular_city, minmay_lair_entry_grove, orc_0_dummy,
          hex_large, chequers_serial_rivers_micro_a
D:11:     layout_basic, serial_bayou_pond_c, disabler_island, uniq_fannar,
          uniq_snorg, uniq_gastronok, uniq_psyche
D:12:     cheibrodos_frozen_isle, layout_rooms
D:13:     layout_cave_pods, basic_altar, minmay_statues_item, uniq_josephine
D:14:     layout_loops_ring, ximxim_vaults_locker_room, kennysheep_cross_room,
          basic_altar, minmay_librarian, uniq_frances, uniq_agnes
D:15:     hangedman_depths_entry_civil_slaughter, layout_cave_pods, minivault_25
Lair:1:   layout_regular_city, uniq_erica
Lair:2:   layout_cave_pods, minmay_swamp_entry_eels
Lair:3:   layout_cave_pods, spider_nest_entry_webs,
          nicolae_volcano_entry_two_sided, minmay_hedge_maze, st_stairs_6,
          grunt_forest_stairs_basic
Lair:4:   layout_regular_city, lemuel_fruit_tree, grunt_megastairs_1
Lair:5:   layout_cellular_growth, serial_bayou_shore_b, grunt_megastairs_2,
          infiniplex_staircase_pool_2
Lair:6:   evil_forest, layout_big_grid, minmay_slime_entry_pillars,
          gauntlet_entry_generic, serial_bayou_lagoon_b
Orc:1:    layout_diamond_mine, basic_altar, portal_ice_cave_demonic_guard,
          minmay_shop_mass, uniq_erolcha
Orc:2:    st_orc_congregation, layout_caves, serial_shops, nicolae_shop_trees

Skill      XL: |  1  2  3  4  5  6  7  8  9 10 11 12 13 14 15 16 |
---------------+-------------------------------------------------+-----
Maces & Flails | 3 4 5 6 7 9 10 12 13 14 16 17 18 | 18.8
Fighting       | 4 5 6 7 8 9 11 12 13 14 15 | 15.2
Shields        | 2 5 6 8 9 11 12 | 12.5
Armour         | |  1.7
Dodging        | |  1.7

Action                   |  1- 3 |  4- 6 |  7- 9 | 10-12 | 13-15 | 16-18 || total
-------------------------+-------+-------+-------+-------+-------+-------++-------
Melee: Mace              |   117 |   204 |   636 |       |       |       ||   957
       Flail             |       |       |    17 |   191 |       |       ||   208
       Morningstar       |       |       |       |   640 |   236 |       ||   876
       Kick              |       |       |       |   132 |   656 |   172 ||   960
       Demon whip        |       |       |       |       |  1359 |   454 ||  1813
Invok: Berserk           |     1 |     5 |    11 |    15 |    16 |     5 ||    53
Evoke: Wand              |       |       |       |       |       |     1 ||     1
  Use: Scroll            |     5 |     2 |    11 |     9 |    14 |     7 ||    48
       Potion            |     1 |     1 |       |     2 |     5 |       ||     9
 Stab: Sleeping          |     3 |       |       |       |       |       ||     3
       Distracted        |       |       |     1 |     1 |       |     1 ||     3
  Eat: Chunk             |     5 |     8 |    22 |    25 |    31 |    15 ||   106
       Ration            |       |     1 |     1 |     3 |    11 |       ||    16
Armor: Animal skin       |    21 |    20 |       |       |       |       ||    41
       Troll leather arm |       |    70 |   212 |   191 |    30 |       ||   503
       Plate armour      |       |       |       |       |   414 |   143 ||   557
Dodge: Dodged            |    81 |   148 |   350 |   327 |   187 |    71 ||  1164
Block: Buckler           |       |       |    38 |   322 |   569 |   166 ||  1095
       Reflection        |       |       |       |    16 |    21 |     6 ||    43
